 Dungeon Crawl Stone Soup version 0.29.0-5-ge4962eb29e (webtiles) character file.

Game seed: 808784764813463230

251 xian the Gusty (level 6, 0/32 HPs)
             Began as a Tengu Air Elementalist on Aug 28, 2022.
             Was an Initiate of Fedhas.
             Slain by an iron imp (4 damage)
             ... on level 3 of the Dungeon.
             The game lasted 00:08:23 (4499 turns).

xian the Gusty (Tengu Air Elementalist)             Turns: 4499, Time: 00:08:23

Health: 0/32       AC:  2    Str:  8    XL:     6   Next: 13%
Magic:  12/12      EV: 15    Int: 18    God:    Fedhas [......]
Gold:   132        SH:  0    Dex: 14    Spells: 8/11 levels left

rFire   . . .      SeeInvis .   w - +0 dagger (venom)
rCold   + . .      Faith    .   (no shield)
rNeg    + . .      Spirit   .   a - +0 robe
rPois   .          Reflect  .   (helmet restricted)
rElec   .          Harm     .   (no cloak)
rCorr   .          Rampage  .   (no gloves)
Will    .....                   (boots unavailable)
Stlth   ++........              (no amulet)
HPRegen 0.10/turn               f - ring of positive energy
MPRegen 0.13/turn               j - ring of protection from cold

@: flying quickly and evasively, quick
A: beak, talons 3, nimble flight
a: Renounce Religion


You were on level 3 of the Dungeon.
You worshipped Fedhas.
Fedhas was noncommittal.
You visited 1 branch of the dungeon, and saw 3 of its levels.

You collected 132 gold pieces.

Inventory:

Hand Weapons
 w - a +0 dagger of venom (weapon)
Missiles
 k - 6 datura-tipped darts
 v - a throwing net
 x - a javelin
Armour
 a - a +0 robe (worn)
Jewellery
 f - a ring of positive energy (left hand)
 j - a ring of protection from cold (right hand)
 r - a ring of see invisible
Wands
 t - a wand of light (10)
Scrolls
 c - 2 scrolls of fear {unknown}
 i - 4 scrolls of identify {unknown}
 m - a scroll of poison {unknown}
 o - a scroll of teleportation {unknown}
 s - 2 scrolls of enchant weapon {unknown}
 u - a scroll of magic mapping {unknown}
Potions
 b - 2 potions of magic
 d - a potion of might {unknown}
 e - 2 potions of flight {unknown}
 g - 2 potions of degeneration {unknown}
 h - a potion of heal wounds {unknown}
 l - a potion of mutation {unknown}
 n - 4 potions of curing {unknown}
 p - a potion of invisibility {unknown}
 q - 2 potions of haste {unknown}


   Skills:
 + Level 2.9 Dodging
 + Level 2.5 Stealth
 + Level 3.3 Spellcasting
 + Level 3.6 Conjurations
 + Level 6.2 Air Magic


You had 8 spell levels left.
You knew the following spells:

 Your Spells              Type           Power      Damage    Failure   Level
a - Shock                 Conj/Air       80%        1d8       1%          1
b - Static Discharge      Conj/Air       20%        3-6/arc   3%          2

Your spell library contained the following spells:

 Spells                   Type           Power      Damage    Failure   Level
 Swiftness                Air            25%        N/A       3%          3
 Airstrike                Air            12%        2d(2-18)  12%         4
 Sting                    Tmut/Pois      12%        1d3       16%         1
 Blink                    Tloc           6%         N/A       24%         2
 Manifold Assault         Tloc           3%         N/A       99%         5
 Storm Form               Tmut/Air       7%         N/A       100%        7


Dungeon Overview and Level Annotations

Branches:
Dungeon (3/15)

Altars:
Fedhas
Makhleb
Sif Muna


Innate Abilities, Weirdness & Mutations

You have a beak for a mouth.
You have claws for feet.
Your magical nature lets you fly swiftly and evasively.


Message History

Throw: 2 javelins
Press: ? - help, Q - select action, (/) - cycle Shift-Dir - straight line, f/p - iron imp
Aim: an iron imp (65% to hit)
You throw a javelin.
The javelin pierces through the iron imp but does no damage.
The iron imp completely misses you. The iron imp hits you!
The iron imp barely misses you.
You hit the iron imp but do no damage.
You claw the iron imp, but do no damage.
You closely miss the iron imp. Your kick misses the iron imp.
You peck the iron imp.
The iron imp is lightly wounded.
The iron imp hits you but does no damage.
The iron imp closely misses you.
You hit the iron imp but do no damage.
The iron imp is poisoned.
You claw the iron imp.
The iron imp is lightly wounded.
The iron imp misses you. The iron imp closely misses you.
You hit the iron imp. Your kick misses the iron imp.
You peck the iron imp, but do no damage.
The iron imp is moderately wounded.
The iron imp misses you. The iron imp hits you!
You hit the iron imp but do no damage. Your peck misses the iron imp.
The iron imp is moderately wounded.
The iron imp closely misses you. The iron imp hits you.
Unknown command.
You hit the iron imp but do no damage.
The iron imp is lightly wounded.
You hit the iron imp but do no damage.
You claw the iron imp, but do no damage.
The iron imp is lightly wounded.
The iron imp hits you!
* * * LOW HITPOINT WARNING * * *
The iron imp misses you.
You barely miss the iron imp. You claw the iron imp.
You peck the iron imp, but do no damage.
The iron imp is moderately wounded.
The iron imp hits you.
You die...
Fedhas appreciates your contribution to the ecosystem.

...##...######### #........###.#
...##...#.......# ######..## #.#
...##..)#.......#########..# #.#
...##...'.......'..........# #.#
...###'##)......#########.#####.#
...###.##.......................#
....##.##........######..########
....##.##........# ##.##
.....#.##.......@# ##..#
...#.#.##......55# ##..##
...#...##........# #..##
....#..##........###'########
....##.##........##.........#
....##.#########.##.........#
....##.....#####.#..........#
##.†##.........#(#..........#
#.....####...#.#.#..........#


You could see 2 iron imps.

Vanquished Creatures
  Jessica (D:3)
  Ijyb (D:3)
  2 orc wizards (D:3)
  4 gnolls (D:3)
  3 adders
  A worm (D:2)
  5 ball pythons
  4 endoplasms
  3 giant cockroaches
  15 goblins
  14 hobgoblins
  3 jackals (D:3)
  4 quokkas
  6 bats
  A frilled lizard (D:3)
  7 kobolds
  4 rats
78 creatures vanquished.

Vanquished Creatures (others)
  6 demonic plants (D:1)
  5 fungi (D:1)
  4 plants (D:1)
  2 withered plants (D:1)
17 creatures vanquished.

Grand Total: 95 creatures vanquished

Notes
Turn   | Place    | Note
-------+----------+-------------------------------------------
     0 | D:1      | xian the Tengu Air Elementalist began the quest for the
                  | Orb.
     0 | D:1      | Reached XP level 1. HP: 10/10 MP: 4/4
   262 | D:1      | Found a faded altar of an unknown god.
   291 | D:1      | Reached XP level 2. HP: 15/15 MP: 4/6
  1220 | D:2      | Reached XP level 3. HP: 19/19 MP: 2/7
  1658 | D:2      | Reached skill level 5 in Air Magic
  1785 | D:2      | Learned a level 2 spell: Static Discharge
  1831 | D:2      | Reached XP level 4. HP: 24/24 MP: 3/8
  2560 | D:3      | Noticed Ijyb
  2571 | D:3      | Killed Ijyb
  2756 | D:3      | Noticed Jessica
  2758 | D:3      | Killed Jessica
  2759 | D:3      | Gained mutation: Your magical nature lets you fly swiftly
                  | and evasively. [Tengu growth]
  2759 | D:3      | Reached XP level 5. HP: 28/28 MP: 7/10
  3216 | D:3      | Reached skill level 6 in Air Magic
  3468 | D:3      | Found a blossoming altar of Fedhas.
  3486 | D:3      | Became a worshipper of Fedhas Madash
  3672 | D:3      | Found a shimmering blue altar of Sif Muna.
  3697 | D:3      | Reached XP level 6. HP: 10/32 MP: 4/11
  3918 | D:3      | Got Sif Muna's Compendium of Vitiation
  4314 | D:3      | Found a burning altar of Makhleb.
  4499 | D:3      | Slain by an iron imp

Illustrated notes

Levels and vault maps discovered:
D:1:      matt_arrival_grand_opening, layout_basic,
          shapermc_ecumenical_altar_gd, moated_statue
D:2:      minmay_diamond_boxcup, layout_loops_ring
D:3:      cheibrodos_greedy_goblins, layout_basic,
          lemuel_coloured_pillars_altar, demons_altar, led_sif_book,
          uniq_jessica, uniq_ijyb

Skill      XL: |  1  2  3  4  5 |
---------------+----------------+-----
Air Magic      | 5 6 |  6.2
Conjurations   | 3 |  3.6
Spellcasting   | 3 |  3.3
Dodging        | |  2.9
Stealth        | |  2.5

Action                   |  1- 3 |  4- 6 || total
-------------------------+-------+-------++-------
Melee: Mace              |     7 |     8 ||    15
       Kick              |     1 |     7 ||     8
       Peck              |       |     6 ||     6
       Dagger            |       |    10 ||    10
Throw: Javelin           |       |     2 ||     2
 Cast: Shock             |    66 |    99 ||   165
       Static Discharge  |       |     4 ||     4
Armor: Robe              |     2 |     4 ||     6
Dodge: Dodged            |    14 |    25 ||    39
